 Dungeon Crawl Stone Soup version 0.29-a0-1043-g569b05d6ff (webtiles) character file.

Game seed: 15380788619592203141

46 jlumianski the Chopper (level 3, 0/28 HPs)
             Began as a Demonspawn Gladiator on Aug 15, 2022.
             Killed by divine providence
             ... invoked by an orc priest
              (13 damage)
             ... on level 2 of the Dungeon.
             The game lasted 00:04:19 (1671 turns).

jlumianski the Chopper (Demonspawn Gladiator)       Turns: 1671, Time: 00:04:21

Health: 0/28       AC:  6    Str: 16    XL:     3   Next: 44%
Magic:  3/3        EV: 16    Int:  9    God:
Gold:   91         SH:  0    Dex: 14    Spells: 2/2 levels left

rFire   . . .      SeeInvis .   a - +0 war axe
rCold   . . .      Faith    .   (no shield)
rNeg    . . .      Spirit   .   b - +0 leather armour
rPois   .          Reflect  .   q - +2 helmet
rElec   .          Harm     .   (no cloak)
rCorr   .          Rampage  .   (no gloves)
Will    .....                   (no boots)
Stlth   +.........              (no amulet)
HPRegen 0.09/turn               o - +4 ring of evasion
MPRegen 0.08/turn               (no ring)

@: no status effects
A: powered by death 1
a: no special abilities


You were on level 2 of the Dungeon.
You visited 1 branch of the dungeon, and saw 2 of its levels.

You collected 91 gold pieces.

Inventory:

Hand Weapons
 a - a +0 war axe (weapon)
 g - a +2 vorpal mace
Missiles
 d - 3 throwing nets (quivered)
 e - a javelin
 k - 24 stones
Armour
 b - a +0 leather armour (worn)
 c - a +0 helmet
 q - a +2 helmet (worn)
Magical Staves
 n - a staff of death
Jewellery
 o - a +4 ring of evasion (left hand)
Scrolls
 f - a scroll of noise {unknown}
 h - a scroll of amnesia {unknown}
 i - a scroll of summoning {unknown}
 l - a scroll of teleportation {unknown}
 m - 2 scrolls of enchant weapon {unknown}
Potions
 j - 3 potions of curing
 p - a potion of heal wounds {unknown}


   Skills:
 + Level 2.3 Fighting
 + Level 3.5 Axes
 + Level 1.8 Throwing
 + Level 0.4 Armour
 + Level 3.0 Dodging


You had 2 spell levels left.
You didn't know any spells.
Your spell library contained the following spells:

 Spells                   Type           Power      Damage    Failure   Level
 Slow                     Hex            0%         N/A       45%         1
 Confusing Touch          Hex            0%         N/A       83%         3
 Vampiric Draining        Necr           0%         2d6       83%         3


Dungeon Overview and Level Annotations

Branches:
Dungeon (2/15)

Altars:

Annotations:
D:1 2 runed translucent doors


Innate Abilities, Weirdness & Mutations

You regenerate a little health from kills.


Message History

There is an open door here.
There is an open door here.
You open the door. 3 orcs and an orc priest come into view.
The orc priest shouts!
The orc shouts!
You hear a shout!
An orc comes into view. It is wielding a +0 whip.
The orc priest calls down the wrath of Beogh upon you.
Beogh smites you!
Ouch! That really hurt!
The orc priest invokes the aid of Beogh against you.
Beogh smites you!
* * * LOW HITPOINT WARNING * * *
There is an open door here.
There is a stone staircase leading up here.
You climb upwards.
Level annotation: 2 runed translucent doors
There is a stone staircase leading down here.
You start resting.
HP restored.
You climb downwards.
The orc barely misses you.
There is a stone staircase leading up here.
The orc closely misses you.
You climb upwards.
Level annotation: 2 runed translucent doors
There is a stone staircase leading down here.
You closely miss the orc. The orc hits you with a +0 mace.
You hit the orc.
The orc is heavily wounded.
The orc hits you but does no damage. x2
You hit the orc.
You kill the orc!
You start resting.
HP restored.
You climb downwards.
The orc priest mumbles some strange prayers to Beogh against you.
Beogh smites you!
Ouch! That really hurt!
The orc priest mumbles some strange prayers to Beogh against you.
Beogh smites you!
You die...

#.# ##'## #.# #.# ##...## #.#
#.### ##.....## ####.### #.#.##
##.......## ##<.....#
##....####.........####.......#
#..................'...........
#.#...###..........####.......#
#.....# #.#.......## ##......#
#.#.#.# #.##..@..##########.###
#.###.# #.###...........# #.#
#.###.###.# ##'#.######.# #.#
#.........# #.#.# ####.###.#
#####.##### #.#.###........#
#.# ##o......##.##### #.#
##o.o.######.# #.#
#.o...######.# #.#
##...........#


You could see an orc priest and 3 orcs.

Vanquished Creatures
  3 dart slugs (D:1)
  An orc (D:1)
  A ball python (D:1)
  4 endoplasms
  A giant cockroach (D:1)
  3 goblins (D:1)
  3 hobgoblins (D:1)
  2 jackals (D:1)
  3 quokkas (D:1)
  3 bats (D:1)
  4 frilled lizards (D:1)
  4 kobolds (D:1)
  5 rats
37 creatures vanquished.

Notes
Turn   | Place    | Note
-------+----------+-------------------------------------------
     0 | D:1      | jlumianski the Demonspawn Gladiator began the quest for the
                  | Orb.
     0 | D:1      | Reached XP level 1. HP: 16/16 MP: 1/1
    43 | D:1      | Found a large runed translucent door.
    43 | D:1      | Found a large runed translucent door.
    44 | D:1      | Noticed an ogre
    44 | D:1      | Noticed an ogre
    48 | D:1      | Noticed an ogre
    53 | D:1      | Noticed an ogre
   339 | D:1      | Gained mutation: You regenerate a little health from kills.
                  | [demonic ancestry]
   339 | D:1      | Reached XP level 2. HP: 6/22 MP: 2/2
   793 | D:1      | Reached XP level 3. HP: 27/27 MP: 3/3
  1671 | D:2      | Killed from afar by an orc priest

Illustrated notes

Levels and vault maps discovered:
D:1:      erik_arrival_cave_to_civilisation [erik_arrival_cave_to_temple],
          layout_basic
D:2:      layout_loops_corners, shapermc_ecumenical_altar_notcrosses

Skill      XL: |  1  2 |
---------------+-------+-----
Dodging        | 3 |  3.0
Axes           | 3 |  3.5
Fighting       | |  2.3
Throwing       | |  1.8
Armour         | |  0.4

Action                   || total
-------------------------++-------
Melee: War axe           ||    93
  Use: Potion            ||     1
Armor: Leather armour    ||    39
Dodge: Dodged            ||    72

Table legend: (Time is in decaauts)
 A = Elapsed time spent in this place.
 B = Non-inter-level travel time spent in this place.
 C = Inter-level travel time spent in this place.
 D = Time resting spent in this place.
 E = Time spent auto-exploring this place.
 F = Levels seen in this place.
 G = Mean time per level.
                   A        B        C        D        E       F      G
               +--------+--------+--------+--------+--------+-----+--------+
         Total |   1704 |   1664 |     40 |    474 |    514 |   2 |  852.0 |
       Dungeon |   1704 |   1664 |     40 |    474 |    514 |   2 |  852.0 |
               +--------+--------+--------+--------+--------+-----+--------+

Top non-repeatable levels by time:
     D:1: 1439 daAuts
     D:2: 265 daAuts
